 Dungeon Crawl Stone Soup version 0.28-a0-1415-g7c84da036a (webtiles) character file.

Game seed: 16915709345868182156

30336 rogsnak the Destroyer (level 13, 0/90 HPs)
             Began as a Demonspawn Earth Elementalist on Jan 7, 2022.
             Was a High Priest of Sif Muna.
             Slain by a wolf spider simulacrum (32 damage)
             ... summoned by a boggart
             ... on level 14 of the Dungeon.
             The game lasted 00:59:34 (19377 turns).

rogsnak the Destroyer (DsEE)                       Turns: 19377, Time: 00:59:35

Health: 0/90       AC: 17    Str: 10    XL:     13   Next: 20%
Magic:  28/28      EV: 14    Int: 21    God:    Sif Muna [*****.]
Gold:   998        SH:  3    Dex: 13    Spells: 17/34 levels left

rFire   . . .      SeeInvis .   s - +3 rapier (venom)
rCold   . . .      Faith    .   F - +0 buckler {AC+3}
rNeg    . . .      Spirit   .   O - +0 steam dragon scales
rPois   .          Reflect  .   E - +2 helmet
rElec   .          Harm     .   v - +0 cloak
rCorr   .          Rampage  .   u - +1 Delatra's gloves {ID++}
Will    +....                   (no boots)
Stlth   ++........              w - amulet of regeneration
HPRegen 1.05/turn               j - ring of wizardry
MPRegen 0.21/turn               k - ring of flight

@: flying
A: hooves 2, slimy green scales 2, foul stench 2, powered by death 3, demonic
willpower
a: Renounce Religion, Channel Magic, Forget Spell, Divine Exegesis


You were on level 14 of the Dungeon.
You worshipped Sif Muna.
Sif Muna was extremely pleased with you.
You visited 2 branches of the dungeon, and saw 15 of its levels.
You also visited: Sewer.

You collected 998 gold pieces.

Inventory:

Hand Weapons
 s - a +3 rapier of venom (weapon)
 X - a +1 scimitar of flaming
Missiles
 c - 386 stones
 q - 6 boomerangs of dispersal
 R - 3 curare-tipped darts
Armour
 u - the +1 Delatra's gloves (worn) {ID++}
   (You found it on level 2 of the Dungeon)

   It heals its wearer when they drink unknown potions.
   It restores its wearer's MP when they read unknown scrolls.
 v - a +0 cloak (worn)
 E - a +2 helmet (worn)
 F - a +0 buckler of protection (worn)
 K - the +3 ring mail of Boredom {rC+}
   (You found it on level 5 of the Dungeon)

   rC:        It protects you from cold.
 M - a +2 scale mail of poison resistance
 O - +0 steam dragon scales (worn)
Magical Staves
 B - a staff of earth
 W - a staff of poison
 Z - a staff of air
Jewellery
 j - a ring of wizardry (left hand)
 k - a ring of flight (right hand)
 l - a ring of positive energy
 p - a ring of protection from fire
 r - a ring of protection from cold
 w - an amulet of regeneration (around neck)
 P - a ring of resist corrosion
Wands
 d - a wand of paralysis (4)
 g - a wand of acid (2)
 t - a wand of polymorph (7)
 x - a wand of flame (53)
 S - a wand of mindburst (19)
 V - a wand of iceblast (8)
Scrolls
 a - a scroll of enchant weapon
 e - 3 scrolls of brand weapon
 f - 5 scrolls of teleportation {unknown}
 i - 4 scrolls of fog {unknown}
 n - 4 scrolls of fear {unknown}
 y - a scroll of magic mapping
 A - 8 scrolls of identify
 G - a scroll of enchant armour {unknown}
 H - 3 scrolls of immolation {unknown}
 L - 2 scrolls of silence {unknown}
 Q - 3 scrolls of blinking {unknown}
 Y - a scroll of amnesia {unknown}
Potions
 b - a potion of cancellation
 h - 3 potions of brilliance
 m - 3 potions of resistance {unknown}
 o - 6 potions of might
 z - 5 potions of ambrosia {unknown}
 C - 4 potions of heal wounds
 D - 4 potions of curing {unknown}
 I - a potion of magic {unknown}
 J - a potion of invisibility {unknown}
 T - 2 potions of lignification {unknown}
 U - a potion of flight
Miscellaneous
 N - a box of beasts


   Skills:
 + Level 4.7 Fighting
 + Level 7.0 Dodging
 - Level 1.7 Stealth
 + Level 0.2 Shields
 + Level 11.0 Spellcasting
 * Level 11.4 Conjurations
 - Level 0.8 Transmutations
 + Level 1.4 Fire Magic
 * Level 7.5 Air Magic
 + Level 9.8 Earth Magic
 + Level 0.8 Evocations


You had 17 spell levels left.
You knew the following spells:

 Your Spells              Type           Power      Damage    Failure   Level
a - Sandblast             Erth           100%       2d20      1%          1
b - Stone Arrow           Conj/Erth      100%       3d13      1%          3
c - Lightning Bolt        Conj/Air       25%        1d41      1%          5
d - Airstrike             Air            21%        N/A       1%          4
e - Sticky Flame          Conj/Fire      38%        2d6       2%          4

Your spell library contained the following spells:

 Spells                   Type           Power      Damage    Failure   Level
 Foxfire                  Conj/Fire      100%       2x1d9     1%          1
 Passwall                 Tmut/Erth      28%        N/A       1%          2
 Poisonous Vapours        Pois/Air       54%        N/A       1%          2
 Conjure Flame            Conj/Fire      38%        6-21      1%          3
 Dazzling Flash           Conj/Hex       70%        N/A       1%          3
 Sting                    Tmut/Pois      52%        1d5       2%          1
 Flame Wave               Conj/Fire      38%        2d7       2%          4
 Slow                     Hex            44%        N/A       3%          1
 Iskenderun's Mystic Bla  Conj/Tloc      35%        2d8       3%          4
 Petrify                  Tmut/Erth      34%        N/A       3%          4
 Fireball                 Conj/Fire      19%        3d9       6%          5
 Ignite Poison            Fire/Tmut/Pois 14%        N/A       7%          3
 Summon Lightning Spire   Summ/Air       27%        N/A       7%          4
 Inner Flame              Hex/Fire       14%        N/A       8%          3
 Confusing Touch          Hex            11%        N/A       10%         3
 Summon Guardian Golem    Hex/Summ       11%        N/A       10%         3
 Vampiric Draining        Necr           11%        2d6       10%         3
 Orb of Destruction       Conj           28%        9d11      24%         7
 Olgreb's Toxic Radiance  Pois           11%        N/A       30%         4
 Starburst                Conj/Fire      19%        6d7       32%         6
 Spellforged Servitor     Conj/Summ      17%        N/A       92%         7
 Malign Gateway           Summ/Tloc      5%         N/A       100%        7
 Ignition                 Fire           8%         3d5       100%        8
 Summon Horrible Things   Summ           5%         N/A       100%        8


Dungeon Overview and Level Annotations

Branches:
Dungeon (14/15)            Temple (1/1) D:4            Lair (0/6) D:10
    Orc (0/2) D:12          Sewer (visited)
 Vaults: D:13-14

Altars:
Ashenzari
Cheibriados
Dithmenos
Elyvilon
Fedhas
Gozag
Hepliaklqana
Kikubaaqudgha
Makhleb
Nemelex Xobeh
Okawaru
Qazlal
Ru
Sif Muna
Trog
Uskayaw
Vehumet
Wu Jian
Xom
Yredelemnul
Zin
The Shining One
Jiyva

Shops:
D:4 (   D:12 (

Annotations:
D:12 2 transporters, exclusions: ice statue and orange crystal statue


Innate Abilities, Weirdness & Mutations

You have hoof-like feet.
You are mostly covered in slimy green scales. (AC +3)
You sometimes emit foul miasma when damaged in melee.
You regenerate a lot of health from kills.
You punish those that try to bend your will. (Will+)


Message History

You fly upwards.
The cyan ugly thing dissolves into shadows! x4
There is a stone staircase leading down here.
Casting: Airstrike (mildly dangerous; 1% risk of failure)
Confirm with . or Enter, or press ? or * to list all spells.
Aiming: Sticky Flame (dangerous; 2% risk of failure)
Press: ? - help, Shift-Dir - straight line, f - boggart
Aim: a boggart (100% to hit)
The sticky flame hits the boggart!
The boggart is moderately wounded.
The boggart is covered in liquid flames!
The boggart burns!
The boggart closely misses you.
The boggart hits you but does no damage.
You hit the boggart.
The boggart is poisoned.
Your kick misses the boggart.
The boggart is heavily wounded.
The boggart burns!
You kill the boggart!
Sif Muna accepts your kill.
You start resting.
Magic restored.
You fly downwards.
The wolf spider simulacrum closely misses you.
The wolf spider simulacrum barely misses you.
The boggart closely misses you.
The deep elf pyromancer mumbles some strange words.
The deep elf pyromancer blinks!
The wolf spider simulacrum barely misses you.
The wolf spider simulacrum bites you.
The wolf spider simulacrum freezes you!!
You emit a cloud of foul miasma!
There is a stone staircase leading up here.
Casting: Sticky Flame (dangerous; 2% risk of failure)
Confirm with . or Enter, or press ? or * to list all spells.
You don't know that spell.
The boggart casts a spell.
The wolf spider simulacrum hits you.
The wolf spider simulacrum freezes you!!
The wolf spider simulacrum bites you.
The wolf spider simulacrum freezes you!!
You die...

# #. ### #.#( ..# #
##... #.##.# ## .....
#....###.## .#
#..###)#####...##..#
#..........W..e#..#
#.#..####..g......#
#.###.#.....†.Z@......#
#........####........###
###......#####.....#§...
#.....................
#......######...#####
.........# ##.##
###.###..# #.# #. #..#
#.# .. ...# #..


You could see a deep elf pyromancer, a wraith (summoned), a boggart and a wolf
spider simulacrum (summoned).

Vanquished Creatures
  3 boulder beetles
  2 hydras
  A death knight (D:10)
  4 centaur warriors
  2 tengu warriors (D:13)
  2 two-headed ogres
  A deep elf knight (D:10)
  Sonja (D:10)
  A skeletal warrior (D:9)
  Nergalle (D:10)
  Pikel (D:8)
  2 deep elf zephyrmancers (D:10)
  3 deep elf pyromancers
  An orc knight (D:9)
  3 ugly things
  3 manticores
  2 cyclopes
  A gargoyle (D:9)
  Maggie (D:6)
  An efreet (D:9)
  A komodo dragon (D:10)
  2 tengu conjurers
  2 trolls
  Grinder (D:3)
  Prince Ribbit (D:8)
  A vampire (D:10)
  4 shadows
  18 yaks
  A wraith (D:12)
  A wyvern (D:11)
  A basilisk (D:10)
  A human (shapeshifter) (D:11)
  4 acid dragons
  Edmund (D:6)
  A hornet zombie (D:6)
  9 orc warriors
  An ice beast (D:6)
  3 black bears
  A sky beast (D:5)
  3 boggarts
  2 ogres
  3 necrophages
  12 centaurs
  2 kobold brigands
  4 bullfrogs
  A gnoll sergeant (D:10)
  A water moccasin zombie (D:6)
  2 scorpions
  A water moccasin skeleton (D:6)
  7 killer bees (D:10)
  9 electric eels
  3 wights (D:8)
  14 howler monkeys
  8 centaur zombies
  2 hounds
  A bullfrog skeleton (D:6)
  3 jellies
  3 centaur skeletons
  An orc priest (D:9)
  Crazy Yiuf (D:2)
  Jessica (D:2)
  A gnoll shaman (D:7)
  2 iguanas
  Natasha (thrice) (D:2)
  Terence (D:2)
  11 orc wizards
  A scorpion zombie (D:5)
  A killer bee simulacrum (D:9)
  2 howler monkey zombies
  Robin (D:3)
  12 gnolls
  5 adders
  6 river rats (Sewer)
  A white imp (D:4)
  A worm (D:5)
  4 dart slugs
  21 orcs
  3 bats
  5 endoplasms
  10 giant cockroaches
  11 goblins
  9 hobgoblins
  6 jackals
  7 quokkas
  16 ball pythons
  8 frilled lizards
  15 kobolds
  A quokka skeleton (D:4)
  39 rats
377 creatures vanquished.

Vanquished Creatures (others)
  A golden eye (shapeshifter) (D:13)
  An orc (D:9)
  2 demonic plants (D:2)
  A fungus (D:2)
  12 plants (D:10)
  3 withered plants (D:2)
20 creatures vanquished.

Grand Total: 397 creatures vanquished

Notes
Turn   | Place    | Note
-------+----------+-------------------------------------------
     0 | D:1      | rogsnak the Demonspawn Earth Elementalist began the quest
                  | for the Orb.
     0 | D:1      | Reached XP level 1. HP: 13/13 MP: 3/3
   542 | D:1      | Gained mutation: You are partially covered in slimy green
                  | scales. (AC +2) [demonic ancestry]
   542 | D:1      | Reached XP level 2. HP: 14/19 MP: 5/5
  1720 | D:1      | Gained mutation: You may rarely emit foul miasma when
                  | damaged in melee. [demonic ancestry]
  1720 | D:1      | Reached XP level 3. HP: 13/25 MP: 1/6
  1902 | D:2      | Learned a level 3 spell: Stone Arrow
  1972 | D:2      | Noticed Natasha
  1997 | D:2      | Killed Natasha
  1998 | D:2      | Reached skill level 1 in Fighting
  2046 | D:2      | Gained mutation: You regenerate a little health from kills.
                  | [demonic ancestry]
  2046 | D:2      | Reached XP level 4. HP: 32/32 MP: 5/7
  2124 | D:2      | Noticed Terence
  2196 | D:2      | Noticed Jessica
  2219 | D:2      | Killed Jessica
  2298 | D:2      | Found a faded altar of an unknown god.
  2375 | D:2      | Noticed Natasha
  2382 | D:2      | Killed Natasha
  2469 | D:2      | Found the +1 Delatra's gloves {ID++}
  2479 | D:2      | Gained mutation: You sometimes emit foul miasma when
                  | damaged in melee. [demonic ancestry]
  2479 | D:2      | Reached XP level 5. HP: 20/37 MP: 7/9
  2685 | D:2      | Noticed Natasha
  2692 | D:2      | Killed Natasha
  2877 | D:2      | Found a runed translucent door.
  2878 | D:2      | Noticed Crazy Yiuf
  2884 | D:2      | Killed Crazy Yiuf
  3005 | D:2      | Killed Terence
  3386 | D:3      | Noticed Grinder
  3483 | D:3      | Found a glowing drain.
  3498 | Sewer    | Entered a sewer
  3580 | Sewer    | Gained mutation: You are mostly covered in slimy green
                  | scales. (AC +3) [demonic ancestry]
  3580 | Sewer    | Reached XP level 6. HP: 43/44 MP: 11/11
  4159 | D:3      | Killed Grinder
  4160 | D:3      | Reached XP level 7. HP: 51/51 MP: 3/13
  4691 | D:3      | Noticed Robin
  4720 | D:3      | Killed Robin
  4800 | D:4      | Found a staircase to the Ecumenical Temple.
  4809 | Temple   | Entered the Ecumenical Temple
  4918 | Temple   | Became a worshipper of Sif Muna the Loreminder
  5147 | D:4      | Found a hazy altar of Hepliaklqana.
  5331 | D:4      | Reached skill level 5 in Dodging
  5331 | D:4      | Reached skill level 1 in Conjurations
  5505 | D:4      | Found a burning altar of Makhleb.
  5505 | D:4      | Found an opulent altar of Gozag.
  5537 | D:4      | Found Beuxuaf's Antique Weapon Boutique.
  5650 | D:5      | Entered Level 5 of the Dungeon
  5658 | D:5      | Reached skill level 5 in Spellcasting
  5658 | D:5      | Gained mutation: You regenerate health from kills. [demonic
                  | ancestry]
  5658 | D:5      | Reached XP level 8. HP: 58/58 MP: 2/15
  5819 | D:5      | Found a broken altar of Ashenzari.
  5868 | D:5      | Reached skill level 5 in Earth Magic
  6454 | D:5      | Identified the +3 ring mail of Boredom {rC+}
  6993 | D:6      | Reached * piety under Sif Muna
  6994 | D:6      | Gained mutation: You have large cloven feet. [demonic
                  | ancestry]
  6994 | D:6      | Reached XP level 9. HP: 54/64 MP: 6/18
  7248 | D:6      | Noticed Edmund
  7255 | D:6      | Killed Edmund
  7649 | D:6      | Noticed Maggie
  7654 | D:6      | Killed Maggie
  8213 | D:7      | Reached skill level 5 in Conjurations
  8794 | D:7      | Reached ** piety under Sif Muna
  8880 | D:7      | Found a radiant altar of Vehumet.
  8943 | D:7      | Reached XP level 10. HP: 71/71 MP: 21/21
  9508 | D:8      | Learned a level 5 spell: Lightning Bolt
  9513 | D:8      | Learned a level 4 spell: Airstrike
  9693 | D:8      | Noticed Pikel
  9705 | D:8      | Killed Pikel
  9706 | D:8      | Reached skill level 1 in Air Magic
  9720 | D:8      | Noticed Prince Ribbit
  9731 | D:8      | Killed Prince Ribbit
 10118 | D:9      | Found a bloodstained altar of Trog.
 10802 | D:9      | Noticed a manticore
 11057 | D:9      | Noticed a centaur warrior
 11119 | D:9      | Reached *** piety under Sif Muna
 11219 | D:9      | Killed a centaur warrior
 11252 | D:9      | Noticed a two-headed ogre
 11387 | D:8      | Killed a two-headed ogre
 11433 | D:9      | Noticed a gargoyle
 11438 | D:9      | Killed a gargoyle
 11441 | D:9      | Noticed a skeletal warrior
 11656 | D:9      | Noticed an orc knight
 11659 | D:9      | Identified the +11 hand crossbow "Vungel" {freeze, rPois
                  | rF+}
 11662 | D:9      | Noticed a two-headed ogre
 11856 | D:9      | Killed a two-headed ogre
 11857 | D:9      | Gained mutation: You regenerate a lot of health from kills.
                  | [demonic ancestry]
 11857 | D:9      | Reached XP level 11. HP: 77/77 MP: 13/23
 11950 | D:9      | Killed an orc knight
 12383 | D:9      | Killed a skeletal warrior
 12743 | D:10     | Entered Level 10 of the Dungeon
 13047 | D:10     | Noticed a deep elf knight
 13068 | D:10     | Killed a deep elf knight
 13069 | D:10     | Reached skill level 5 in Air Magic
 13116 | D:10     | Learned a level 4 spell: Sticky Flame
 13753 | D:10     | Noticed Sonja
 14127 | D:10     | Noticed a deep elf zephyrmancer
 14157 | D:10     | Killed a deep elf zephyrmancer
 14157 | D:10     | Reached **** piety under Sif Muna
 14277 | D:10     | Noticed a death knight
 14277 | D:10     | Noticed a cyan ugly thing
 14295 | D:10     | Noticed a deep elf pyromancer
 14318 | D:10     | Killed a deep elf pyromancer
 14319 | D:10     | Reached skill level 10 in Spellcasting
 14454 | D:10     | Found a staircase to the Lair.
 14522 | D:10     | Noticed Nergalle
 14526 | D:10     | Killed Nergalle
 14527 | D:10     | Gained mutation: You have hoof-like feet. [demonic
                  | ancestry]
 14527 | D:10     | Reached XP level 12. HP: 62/84 MP: 16/26
 14584 | D:10     | Killed Sonja
 14654 | D:10     | Noticed a centaur warrior
 14662 | D:10     | Killed a centaur warrior
 15092 | D:10     | Killed a death knight
 15097 | D:10     | Reached skill level 10 in Conjurations
 15327 | D:11     | Noticed a boulder beetle
 15332 | D:11     | Noticed a five-headed hydra
 15968 | D:11     | Killed a five-headed hydra
 16115 | D:11     | Killed a boulder beetle
 16335 | D:11     | Reached skill level 1 in Fire Magic
 17012 | D:12     | Noticed a five-headed hydra
 17014 | D:12     | Found a staircase to the Orcish Mines.
 17014 | D:12     | Found a transporter.
 17367 | D:12     | Found Ymod's Weapon Shoppe.
 17573 | D:12     | Killed a five-headed hydra
 17708 | D:12     | Found a transporter.
 17708 | D:12     | Found a viscous altar of Jiyva.
 17729 | D:12     | Noticed a boulder beetle
 17758 | D:12     | Noticed a great orb of eyes
 17777 | D:12     | Killed a boulder beetle
 17964 | D:12     | Reached ***** piety under Sif Muna
 18223 | D:13     | Noticed a centaur warrior
 18232 | D:13     | Killed a centaur warrior
 18233 | D:13     | Gained mutation: You punish those that try to bend your
                  | will. (Will+) [demonic ancestry]
 18233 | D:13     | Reached XP level 13. HP: 80/90 MP: 20/27
 18234 | D:13     | Upgraded the game from 0.28-a0-1412-gf95308ed99 to
                  | 0.28-a0-1415-g7c84da036a
 19377 | D:14     | Slain by a wolf spider simulacrum

Illustrated notes

Levels and vault maps discovered:
D:1:      matt_arrival_grand_opening, layout_loops_ring
D:2:      layout_basic, shapermc_ecumenical_altar_gd, pf_guarded_unrand_delatra,
          uniq_terence, uniq_natasha, uniq_jessica, uniq_crazy_yiuf_cottage
D:3:      layout_loops_corners, gup_sewer_entry_pipe, chequers_big_river,
          uniq_robin, uniq_grinder
D:4:      layout_cave_pools, nicolae_hepliaklqana_hazy_memory,
          gammafunk_temple_overflow_elements, minmay_temple_entry_arrows,
          minmay_shop_grid_forest
D:5:      layout_rooms, old_standard_altar
D:6:      layout_loops_ring, grunt_ministairs_7, uniq_edmund, uniq_maggie
D:7:      layout_loops_ring, vehumet_altar_wand_db
D:8:      layout_basic, lemuel_another_geyser, uniq_pikel, uniq_prince_ribbit1
D:9:      layout_basic, overflow_temple_1_default, minmay_the_grid_2x2
          [minmay_the_grid_armoury, minmay_the_grid_doors,
          minmay_the_grid_large_cup, minmay_the_grid_prize_inner_circle]
D:10:     nzn_winding_woodlands_large [nzn_winding_woodlands_hourglass,
          nzn_winding_woodlands_5x15_concentric,
          nzn_winding_woodlands_5x5_default,
          nzn_winding_woodlands_center_pierced_h,
          nzn_winding_woodlands_15x15_eel_pit,
          nzn_winding_woodlands_center_diamonds,
          nzn_winding_woodlands_5x5_cross, nzn_winding_woodlands_5x15_crooked,
          nzn_winding_woodlands_5x5_perimeter], layout_grid_maze,
          david_lair_shrubbed, uniq_sonja, uniq_nergalle
D:11:     layout_cave_pods
D:12:     gammafunk_jiyva_shrine, layout_rooms, serial_shops,
          nicolae_shop_bloodbath_and_beyond, chequers_serial_rivers_large_a,
          st_stairs_1, roderic_lattice_a, david_greed
D:13:     layout_irregular_city, minivault_12
D:14:     layout_loops_ring, lightli_vaults_fourway_checkpoint, glass_columns_c
Temple:   eino_temple_rhombus

Skill      XL: |  1  2  3  4  5  6  7  8  9 10 11 12 13 |
---------------+----------------------------------------+-----
Earth Magic    | 3 4 5 7 8 9 |  9.8
Dodging        | 2 3 4 5 6 7 |  7.0
Fighting       | 1 2 3 4 |  4.7
Spellcasting   | 3 4 5 6 7 8 10 11 | 11.0
Conjurations   | 1 3 5 7 9 11 | 11.4
Air Magic      | 4 5 7 |  7.5
Fire Magic     | 1 |  1.4
Stealth        | |  1.7
Shields        | |  0.2
Transmutations | |  0.8
Evocations     | |  0.8

Action                   |  1- 3 |  4- 6 |  7- 9 | 10-12 | 13-15 || total
-------------------------+-------+-------+-------+-------+-------++-------
Melee: Mace              |    92 |       |       |       |       ||    92
       Short sword       |       |    21 |       |       |       ||    21
       Unarmed           |       |     2 |       |       |       ||     2
       Dagger            |       |   139 |   171 |    38 |       ||   348
       Punch             |       |     2 |     5 |       |       ||     7
       Quarterstaff      |       |       |    33 |       |       ||    33
       Kick              |       |       |    36 |    58 |     3 ||    97
       Rapier            |       |       |       |   114 |    14 ||   128
 Cast: Sandblast         |    17 |    30 |    10 |     1 |       ||    58
       Stone Arrow       |       |     7 |    96 |   268 |    15 ||   386
       Airstrike         |       |       |       |    35 |     6 ||    41
       Lightning Bolt    |       |       |       |     6 |     2 ||     8
       Sticky Flame      |       |       |       |    24 |     6 ||    30
Evoke: Wand              |       |     1 |       |     5 |     2 ||     8
  Use: Potion            |       |     2 |       |     1 |       ||     3
       Scroll            |       |     1 |       |     5 |     2 ||     8
 Stab: Sleeping          |     6 |     2 |     1 |     1 |       ||    10
Armor: Robe              |    39 |    80 |    59 |       |       ||   178
       Steam dragon scal |       |       |    37 |   137 |    19 ||   193
Dodge: Dodged            |    77 |   143 |   134 |   174 |    38 ||   566
Block: Buckler           |       |       |       |       |     8 ||     8

Table legend: (Time is in decaauts)
 A = Elapsed time spent in this place.
 B = Non-inter-level travel time spent in this place.
 C = Inter-level travel time spent in this place.
 D = Time resting spent in this place.
 E = Time spent auto-exploring this place.
 F = Levels seen in this place.
 G = Mean time per level.
                   A        B        C        D        E       F      G
               +--------+--------+--------+--------+--------+-----+--------+
         Total |  19446 |  18991 |    455 |   5036 |   9039 |  16 | 1215.4 |
       Dungeon |  18860 |  18405 |    455 |   4942 |   8948 |  14 | 1347.1 |
        Temple |    142 |    142 |      0 |      0 |     91 |   1 |  142.0 |
         Sewer |    442 |    442 |      0 |     94 |      0 |   1 |  442.0 |
               +--------+--------+--------+--------+--------+-----+--------+

Top non-repeatable levels by time:
    D:10: 2714 daAuts
     D:9: 2512 daAuts
     D:1: 1918 daAuts
    D:11: 1657 daAuts
     D:2: 1462 daAuts
     D:6: 1455 daAuts
    D:13: 1115 daAuts
     D:5: 1100 daAuts
    D:12: 1100 daAuts
     D:7: 1057 daAuts
     D:3: 998 daAuts
     D:8: 966 daAuts
     D:4: 729 daAuts
   Sewer: 442 daAuts
  Temple: 142 daAuts
